[Event "Titled Tuesday Blitz November 14 Early 2023"]
[White "mind1mover"]
[Black "Vestby-Ellingsen, Mads"]
[BlackFideId "1520857"]
[WhiteElo "2825"]
[BlackElo "2573"]
[Result "1-0"]
[Round "8"]
[TimeControl "180+1"]
[Date "2023.11.14"]
[WhiteClock "0:00:05"]
[BlackClock "0:00:00"]
[Board "55"]

1. d4 d5 2. Nf3 Nf6 3. c3 Bf5 4. Qb3 Qc8 5. Bf4 e6 6. e3 h6 7. h3 Nbd7 8. Nbd2 Be7 9. Be2 O-O 10. O-O c5 11. a4 a6 12. a5 c4 13. Qa4 b5 14. axb6 Nxb6 15. Qa5 Nfd7 16. Rfc1 Qb7 17. b3 cxb3 18. Nxb3 Nc4 19. Bxc4 dxc4 20. Nbd2 Rfc8 21. Ne5 Nxe5 22. Bxe5 Qb2 23. Qa2 Qb7 24. Nxc4 Be4 25. Na5 Qd7 26. f3 Bg6 27. Qa4 Qd8 28. Nc6 Qe8 29. Nxe7+ Qxe7 30. c4 f6 31. Bg3 Be8 32. Qa5 Qf7 33. Rab1 Qg6 34. Kh2 Rxc4 35. Rxc4 Qxb1 36. Rc7 Qg6 37. d5 e5 38. d6 Rd8 39. Qxa6 Kh7 40. Qb6 Qd3 41. Rxg7+ Kxg7 42. Qxd8 Ba4 43. Qe7+ Kg6 44. Bh4 Qf5 45. e4 Qf4+ 46. Bg3 Qd2 47. h4 h5 48. Qf8 Qh6 49. Qg8+ Qg7 50. Qxg7+ Kxg7 51. Be1 Bd7 52. Bb4 Kf7 53. Kg3 Kg6 54. Kf2 Kf7 55. Ke3 Be6 56. Ba3 Ke8 57. g3 Kf7 58. f4 Bg4 59. f5 Ke8 60. Bb4 Kd7 61. Ba5 Bh3 62. Bb6 Bg4 63. Bc5 Kc6 64. Bb4 Kd7 65. Kf2 Bh3 66. Kf3 Bg4+ 67. Kg2 Be2 68. Ba5 Bg4 69. Bc7 Bd1 70. Kf2 Bg4 71. Ke3 Bh3 72. Kd3 Bg4 73. Ba5 Bf3 74. Bd2 Bg4 75. Bh6 Kxd6 76. Bf8+ Kd7 77. Bb4 Bh3 78. Kc4 Ke8 79. Kd5 Kf7 80. Bd6 Bf1 81. Bxe5 fxe5 82. Kxe5 Bg2 83. Kf4 Kf6 84. e5+ Kf7 85. Kg5 Be4 86. e6+ Kg7 87. f6+ Kf8 88. Kxh5 Bf5 89. e7+ Kf7 90. Kg5 Bd7 91. g4 Kg8 92. Kg6 Be8+ 93. Kf5 Bd7+ 94. Ke5 Kf7 95. g5 Kg6 96. Kd6 Be8 97. Ke6 Ba4 98. h5+ Kxh5 99. f7 Bb3+ 100. Kf6 1-0


[Site "https://www.chess.com"]

[Event "Titled Tuesday Blitz November 14 Early 2023"]
[White "Weetik, Vjacheslav"]
[Black "Ozates, Tuna"]
[WhiteFideId "4153472"]
[BlackFideId "6354521"]
[WhiteElo "2810"]
[BlackElo "2566"]
[Result "1-0"]
[Round "8"]
[TimeControl "180+1"]
[Date "2023.11.14"]
[WhiteClock "0:02:07"]
[BlackClock "0:01:16"]
[Board "56"]

1. e4 e5 2. Nf3 Nc6 3. Nc3 g6 4. d4 exd4 5. Nd5 Bg7 6. Bg5 f6 7. Bf4 d6 8. Bc4 Nge7 9. O-O Bg4 10. h3 Bxf3 11. Qxf3 Ne5 12. Bxe5 dxe5 13. Nxf6+ Bxf6 14. Qxf6 Rf8 15. Qxe5 Qd6 16. Qxd6 cxd6 17. Rad1 Nc6 18. Bb5 Ke7 19. Bxc6 bxc6 20. Rxd4 Rfd8 21. Rfd1 Rab8 22. b3 a5 23. f3 Rb4 24. Kf2 c5 25. Rd5 a4 26. e5 1-0


[Site "https://www.chess.com"]

[Event "Titled Tuesday Blitz November 14 Early 2023"]
[White "Pham, Le Thao Nguyen"]
[Black "CrazyAdvenTures"]
[WhiteFideId "12401226"]
[WhiteElo "2554"]
[BlackElo "2803"]
[Result "0-1"]
[Round "8"]
[TimeControl "180+1"]
[Date "2023.11.14"]
[WhiteClock "0:00:05"]
[BlackClock "0:00:02"]
[Board "57"]

1. d4 Nf6 2. c4 g6 3. Nc3 Bg7 4. e4 d6 5. Nf3 O-O 6. h3 e5 7. dxe5 dxe5 8. Qxd8 Rxd8 9. Nd5 Na6 10. Bg5 Rd6 11. Nd2 c6 12. Nxf6+ Bxf6 13. Bxf6 Rxf6 14. a3 Nc5 15. b4 Ne6 16. Nf3 Nf4 17. O-O-O Be6 18. Nxe5 a5 19. b5 cxb5 20. cxb5 Rc8+ 21. Kb2 Nxh3 22. f3 Nf2 23. Be2 Nxh1 24. Rxh1 Rc5 25. Nd3 Rxb5+ 26. Kc2 Bc4 27. Kc3 Rc6 28. Kd4 Bxd3 29. Bxd3 Rb3 30. Bc4 Rxa3 31. Bd5 Rc2 32. Rb1 Rxg2 33. f4 Ra4+ 34. Ke5 Rb4 35. Rc1 Rb5 36. Rc7 Rf2 37. Rc8+ Kg7 38. Rc7 Kh6 39. Rxf7 a4 40. Rf8 a3 41. Ra8 a2 42. Ra3 b6 43. Rh3+ Kg7 44. Ra3 Ra5 0-1


[Site "https://www.chess.com"]

[Event "Titled Tuesday Blitz November 14 Early 2023"]
[White "Karas, Marek"]
[Black "Maksimovic, Bojan"]
[WhiteFideId "14928558"]
[BlackFideId "14408120"]
[WhiteElo "2554"]
[BlackElo "2797"]
[Result "0-1"]
[Round "8"]
[TimeControl "180+1"]
[Date "2023.11.14"]
[WhiteClock "0:00:00"]
[BlackClock "0:00:32"]
[Board "58"]

1. d4 Nf6 2. Nf3 g6 3. c4 Bg7 4. Nc3 d6 5. Bg5 h6 6. Bh4 g5 7. Bg3 Nh5 8. e3 Nxg3 9. hxg3 Nd7 10. Bd3 c5 11. Bf5 e6 12. Bg4 Qb6 13. Rb1 Nf6 14. Bh5 Bd7 15. Qb3 Rc8 16. Qxb6 axb6 17. d5 exd5 18. Nxd5 Nxd5 19. cxd5 b5 20. O-O b4 21. b3 Ra8 22. Nd2 Bb5 23. Nc4 Bxc4 24. bxc4 Rxa2 25. Bd1 Ke7 26. Bb3 Rd2 27. Rfd1 Rxd1+ 28. Rxd1 Rb8 29. Rd2 b5 30. cxb5 Rxb5 31. Kf1 Rb7 32. Ke2 c4 33. Bxc4 b3 34. Bd3 b2 35. Rd1 Ra7 36. Bb1 Ra5 37. f4 Rc5 38. Be4 Rc1 39. Bb1 Bc3 40. Bd3 Kd8 41. e4 f6 42. Bb1 g4 43. Bd3 h5 44. Bb1 Kc7 45. Bd3 Kb6 46. Bb1 Kc5 47. e5 fxe5 48. fxe5 Bxe5 49. Kd2 Bc3+ 50. Ke2 Kb4 51. Bg6 Kb3 52. Bb1 Rxb1 53. Rxb1 Kc2 0-1


[Site "https://www.chess.com"]

[Event "Titled Tuesday Blitz November 14 Early 2023"]
[White "Ben Artzi, Ido"]
[Black "Tatarinov, Dmitry"]
[WhiteFideId "2810913"]
[BlackFideId "24160067"]
[WhiteElo "2552"]
[BlackElo "2795"]
[Result "0-1"]
[Round "8"]
[TimeControl "180+1"]
[Date "2023.11.14"]
[WhiteClock "0:00:05"]
[BlackClock "0:00:16"]
[Board "59"]

1. e4 c5 2. Nf3 e6 3. d4 cxd4 4. Nxd4 Nf6 5. Nc3 Nc6 6. Ndb5 Bc5 7. Bf4 O-O 8. Bc7 Qe7 9. Bd6 Bxd6 10. Qxd6 Qd8 11. O-O-O a6 12. Nd4 Ne7 13. h4 b5 14. f3 Bb7 15. h5 h6 16. g4 Re8 17. Bd3 Qb8 18. Qxb8 Raxb8 19. Rdg1 b4 20. Nce2 a5 21. g5 hxg5 22. Rxg5 Kh8 23. Rxa5 d5 24. e5 Nd7 25. f4 Rec8 26. Kd2 Nc5 27. Rc1 Ne4+ 28. Bxe4 dxe4 29. c4 bxc3+ 30. Rxc3 Rd8 31. Kc1 Nd5 32. Rb3 Nxf4 33. Nxf4 Rxd4 34. Ra7 Rc8+ 35. Rc3 Rb4 36. Rxc8+ Bxc8 37. Ra8 Rc4+ 38. Kd2 Kh7 39. b3 Rc7 40. a4 Kh6 41. a5 Kg5 42. Ne2 Rd7+ 43. Kc2 Bb7 44. Rb8 e3 45. b4 Be4+ 46. Kc3 Rd3+ 47. Kc4 Rd2 48. Nc3 Rc2 49. Kb3 e2 50. Nxe2 Rxe2 51. a6 Bd5+ 52. Kc3 Re3+ 53. Kd4 Re4+ 54. Kc5 Rc4+ 55. Kd6 Rc6+ 56. Ke7 Rxa6 57. Kxf7 Kxh5 58. Kxg7 Kg5 59. b5 Ra2 60. b6 Kf5 61. b7 Rg2+ 62. Kh7 Bxb7 63. Rxb7 Kxe5 64. Rb5+ Kf4 65. Kh6 e5 66. Kh5 e4 67. Kh4 e3 68. Kh3 Rg8 69. Rb7 Kf3 70. Rf7+ Ke2 71. Kh2 Kd2 72. Rd7+ Ke1 73. Re7 e2 74. Ra7 Rg4 75. Ra1+ Kd2 76. Ra2+ Ke3 77. Ra3+ Kf2 78. Ra2 Rh4# 0-1


[Site "https://www.chess.com"]

[Event "Titled Tuesday Blitz November 14 Early 2023"]
[White "ChainedDowntohell"]
[Black "Gharibyan, Mamikon"]
[BlackFideId "13308300"]
[WhiteElo "2553"]
[BlackElo "2789"]
[Result "0-1"]
[Round "8"]
[TimeControl "180+1"]
[Date "2023.11.14"]
[WhiteClock "0:00:00"]
[BlackClock "0:00:14"]
[Board "60"]

1. d4 Nf6 2. c4 e6 3. Nf3 d5 4. Nc3 Nbd7 5. cxd5 exd5 6. Bg5 Bb4 7. e3 h6 8. Bh4 g5 9. Bg3 Ne4 10. Qb3 c5 11. Bb5 Bxc3+ 12. bxc3 c4 13. Qb4 Qe7 14. Bxd7+ Bxd7 15. Qxb7 O-O 16. Qxd5 Nxc3 17. Qd6 Qxd6 18. Bxd6 Rfc8 19. Ne5 Be6 20. Bb4 Na4 21. e4 f6 22. Nf3 c3 23. d5 Rc4 24. O-O Bd7 25. Ba3 Rxe4 26. Rab1 Nb6 27. Rfe1 Rxe1+ 28. Rxe1 Nxd5 29. Nd4 Rc8 30. f3 Rc4 31. Nc2 Bf5 32. Re2 Bd3 33. Rf2 Ra4 34. Bc1 Rxa2 35. Ne1 Be2 36. g3 f5 37. Kg2 Kf7 38. Nd3 Rc2 39. Nb4 Nxb4 40. Ba3 Nd3 0-1


[Site "https://www.chess.com"]

[Event "Titled Tuesday Blitz November 14 Early 2023"]
[White "LouieKov2022"]
[Black "Alen_Yeremyann"]
[WhiteElo "2551"]
[BlackElo "2778"]
[Result "1-0"]
[Round "8"]
[TimeControl "180+1"]
[Date "2023.11.14"]
[WhiteClock "0:02:01"]
[BlackClock "0:02:27"]
[Board "61"]

1. e4 Nf6 2. e5 Nd5 3. d4 Nb6 4. Nf3 d6 5. c4 g6 6. Nc3 Bg7 7. exd6 O-O 8. dxc7 Qxc7 9. c5 N6d7 10. Be3 Nc6 11. Bb5 e5 12. d5 Nd4 13. Nxd4 exd4 14. Bxd4 Re8+ 15. Kf1 a6 16. Bxd7 Bxd7 17. Bxg7 Kxg7 18. Qd4+ Kg8 19. h4 Rac8 20. b4 a5 21. a3 axb4 22. axb4 Red8 23. Ne4 b6 24. Nf6+ Kf8 25. Nxh7+ Kg8 26. Nf6+ Kf8 27. Re1 bxc5 28. Nxd7+ 1-0


[Site "https://www.chess.com"]

[Event "Titled Tuesday Blitz November 14 Early 2023"]
[White "Santos Flores, Alberto"]
[Black "Rosen, Eric"]
[WhiteFideId "3601234"]
[BlackFideId "2032562"]
[WhiteElo "2549"]
[BlackElo "2770"]
[Result "1-0"]
[Round "8"]
[TimeControl "180+1"]
[Date "2023.11.14"]
[WhiteClock "0:00:12"]
[BlackClock "0:00:02"]
[Board "62"]

1. e4 c5 2. Nf3 e6 3. g3 d5 4. exd5 exd5 5. d4 Nc6 6. Bg2 cxd4 7. Nxd4 Bc5 8. c3 Nxd4 9. cxd4 Qe7+ 10. Be3 Bb4+ 11. Nc3 Nf6 12. O-O Bxc3 13. bxc3 O-O 14. Bg5 Be6 15. Qf3 Rfc8 16. Rab1 b6 17. Rb3 h6 18. Bxf6 Qxf6 19. Qxf6 gxf6 20. f4 Rd8 21. Kf2 Rac8 22. Ke3 Rc4 23. Kd2 Ra4 24. a3 Kf8 25. Ra1 Ke7 26. Rb4 Ra5 27. a4 Bd7 28. Bf1 Kd6 29. Bb5 Bf5 30. Re1 Be6 31. Bd3 Rg8 32. Ra1 h5 33. Rb5 h4 34. Rxa5 bxa5 35. Rg1 Bd7 36. Bc2 Rg7 37. Ke3 Rg8 38. Kf2 Rb8 39. Ke3 Rb2 40. Rc1 Rb8 41. Bd3 Re8+ 42. Kf2 Rg8 43. Be2 Rb8 44. gxh4 Rh8 45. h5 Bf5 46. Bf3 Bd7 47. Rb1 Kc7 48. Bxd5 Rxh5 49. Bg2 Rxh2 50. Kg3 Rh8 51. c4 Bxa4 52. Ra1 Rg8+ 53. Kf2 Bc6 54. Bxc6 Kxc6 55. Rxa5 Kb6 56. Rf5 Rg6 57. Ke3 Rh6 58. Ke4 a5 59. Rb5+ Ka6 60. Kd5 Rh5+ 61. Kc6 a4 62. Rb8 Ka7 63. Rb7+ Ka8 64. Rb1 Ra5 65. d5 Ra6+ 66. Kc5 a3 67. d6 a2 68. Ra1 Ra5+ 69. Kc6 Ra6+ 70. Kd5 Kb7 71. c5 Kc8 72. c6 f5 73. Kc5 Ra5+ 74. Kb6 Ra8 75. d7+ Kd8 76. Kb7 Ra5 77. c7+ Ke7 78. c8=Q Rb5+ 79. Kc6 Rb2 80. d8=Q# 1-0


[Site "https://www.chess.com"]

[Event "Titled Tuesday Blitz November 14 Early 2023"]
[White "TomLiu777"]
[Black "Hayrapetyan, Hovik"]
[BlackFideId "13302639"]
[WhiteElo "2542"]
[BlackElo "2727"]
[Result "0-1"]
[Round "8"]
[TimeControl "180+1"]
[Date "2023.11.14"]
[WhiteClock "0:00:05"]
[BlackClock "0:00:05"]
[Board "63"]

1. c4 e6 2. Nc3 d5 3. d4 Nf6 4. Bg5 Bb4 5. cxd5 exd5 6. Nf3 h6 7. Bh4 O-O 8. e3 Bf5 9. Bd3 Bxd3 10. Qxd3 c6 11. O-O Nbd7 12. Ne5 Qe8 13. f4 Bxc3 14. bxc3 Ne4 15. c4 f6 16. cxd5 cxd5 17. Qb3 Nb6 18. Nf3 Rc8 19. Rac1 Qd7 20. Bf2 Nc4 21. Rfd1 Rfe8 22. Be1 b5 23. h3 a5 24. Bf2 Nxf2 25. Kxf2 Rxe3 26. Qb1 Rce8 27. Qg6 Qf7 28. Qxf7+ Kxf7 29. Ne5+ fxe5 30. Rxc4 dxc4 31. Kxe3 exf4+ 32. Kxf4 Ke6 33. Re1+ Kd7 34. Rb1 b4 35. a3 b3 36. Rc1 Rc8 37. Ke4 c3 38. Rf1 c2 0-1


[Site "https://www.chess.com"]

[Event "Titled Tuesday Blitz November 14 Early 2023"]
[White "Halkias, Stelios"]
[Black "Baches Garcia, Guillermo"]
[WhiteFideId "4201809"]
[BlackFideId "2209764"]
[WhiteElo "2723"]
[BlackElo "2539"]
[Result "1-0"]
[Round "8"]
[TimeControl "180+1"]
[Date "2023.11.14"]
[WhiteClock "0:00:13"]
[BlackClock "0:00:00"]
[Board "64"]

1. Nf3 d5 2. d4 Nf6 3. c4 e6 4. g3 Be7 5. Bg2 O-O 6. O-O dxc4 7. Qc2 a6 8. a4 Bd7 9. Qxc4 Bc6 10. Bf4 Bd6 11. Qc1 a5 12. Nc3 Ra6 13. Ne5 Bxg2 14. Kxg2 Nc6 15. Nf3 Nb4 16. Rd1 Nfd5 17. Bxd6 Rxd6 18. e4 Ne7 19. h4 h6 20. Qd2 Qb8 21. Rac1 Rfd8 22. Qe2 c6 23. h5 Qa7 24. Nb1 Na2 25. Rc2 Nb4 26. Rcd2 Nc8 27. Nc3 Qa6 28. Qe3 Nb6 29. b3 Na8 30. g4 Nc7 31. g5 hxg5 32. Qxg5 Ne8 33. Kh2 b6 34. Rg1 f6 35. Qg4 Qc8 36. h6 e5 37. Qxc8 Rxc8 38. dxe5 Rxd2 39. Nxd2 fxe5 40. Nc4 Nd3 41. Nxb6 Rc7 42. Nc4 Rf7 43. Rg2 Kh7 44. hxg7 Nxg7 45. Nd6 Rf4 46. Ne2 Rh4+ 47. Kg1 Nh5 48. Ne8 Nhf4 49. Nf6+ Kh6 50. Ng8+ Kh7 51. Nf6+ Kh6 52. Nxf4 Rxf4 53. Ng4+ Kh7 54. Rg3 Nc5 55. Nxe5 Nxe4 56. Rh3+ Kg7 57. Nd3 Rf6 58. f3 Nd6 59. Rg3+ Kf7 60. Kg2 Ke6 61. Nc5+ Kd5 62. Nd7 Rf7 63. Rg5+ Kd4 64. Ne5 Rh7 65. Nxc6+ Ke3 66. Nxa5 Nf7 67. Nc4+ Ke2 68. Rc5 Nh6 69. Re5+ 1-0


[Site "https://www.chess.com"]

[Event "Titled Tuesday Blitz November 14 Early 2023"]
[White "Novik, Maxim"]
[Black "Krivonosov, Oleg"]
[WhiteFideId "4102924"]
[BlackFideId "11600349"]
[WhiteElo "2538"]
[BlackElo "2708"]
[Result "1/2-1/2"]
[Round "8"]
[TimeControl "180+1"]
[Date "2023.11.14"]
[WhiteClock "0:01:39"]
[BlackClock "0:01:12"]
[Board "65"]

1. e4 e5 2. Nf3 Nc6 3. Bc4 Bc5 4. d3 d6 5. O-O Nf6 6. Bg5 h6 7. Bxf6 Qxf6 8. Nc3 Be6 9. Nd5 Qd8 10. c3 O-O 11. b4 Bb6 12. a4 a6 13. Nxb6 cxb6 14. Bxe6 fxe6 15. Qb3 Qd7 16. Rfe1 Ne7 17. Nd2 b5 18. axb5 axb5 19. d4 Ng6 20. Nf1 Qf7 21. f3 exd4 22. cxd4 e5 23. Qxf7+ Kxf7 24. d5 Nf4 25. Ne3 Ra4 26. Rac1 Rxb4 27. Rc7+ Kg8 28. Nf5 Rb2 29. Rxg7+ Kh8 30. Rg4 Rg8 31. Rxg8+ Kxg8 32. g3 Nh3+ 33. Kh1 Nf2+ 34. Kg1 Nh3+ 35. Kh1 Nf2+ 36. Kg1 Nh3+ 1/2-1/2


[Site "https://www.chess.com"]

[Event "Titled Tuesday Blitz November 14 Early 2023"]
[White "Chinguun, Sumiya"]
[Black "RodokininEV"]
[WhiteFideId "4902572"]
[WhiteElo "2702"]
[BlackElo "2535"]
[Result "1-0"]
[Round "8"]
[TimeControl "180+1"]
[Date "2023.11.14"]
[WhiteClock "0:02:18"]
[BlackClock "0:01:29"]
[Board "66"]

1. e4 c5 2. Nf3 Nc6 3. d4 cxd4 4. Nxd4 Nf6 5. Nc3 e5 6. Ndb5 d6 7. Bg5 a6 8. Na3 b5 9. Nd5 Be7 10. Bxf6 Bxf6 11. c3 Ne7 12. Nxf6+ gxf6 13. g3 Bb7 14. Bg2 f5 15. Qe2 O-O 16. O-O fxe4 17. Bxe4 Bxe4 18. Qxe4 f5 19. Qd3 Qc7 20. Rad1 Rad8 21. Nc2 d5 22. Rfe1 e4 23. Qe2 Qe5 24. Nd4 f4 25. Qg4+ Ng6 26. Qe6+ Kg7 27. Qxe5+ Nxe5 28. Ne6+ Kf6 29. Nxf8 Nf3+ 30. Kf1 Nxe1 31. Nxh7+ Kg7 32. Ng5 Kg6 33. Ne6 Rd6 34. Nxf4+ Kf5 35. Kxe1 Ke5 36. Rxd5+ 1-0


[Site "https://www.chess.com"]

[Event "Titled Tuesday Blitz November 14 Early 2023"]
[White "Ilkhomi, Jaloliddin"]
[Black "vishwa_vijeta"]
[WhiteFideId "14700948"]
[WhiteElo "2700"]
[BlackElo "2535"]
[Result "1-0"]
[Round "8"]
[TimeControl "180+1"]
[Date "2023.11.14"]
[WhiteClock "0:00:08"]
[BlackClock "0:00:33"]
[Board "67"]

1. Nf3 c5 2. c3 d5 3. d4 cxd4 4. cxd4 g6 5. Nc3 Nc6 6. Bf4 Bg7 7. e3 a6 8. Bd3 Nf6 9. O-O h6 10. Ne5 O-O 11. Qf3 e6 12. Nxc6 bxc6 13. Rac1 Nd7 14. Na4 Bb7 15. Bd6 Re8 16. Nc5 Nxc5 17. Bxc5 e5 18. dxe5 Bxe5 19. Qh3 Bg7 20. Rcd1 Bc8 21. Qg3 Qa5 22. Bd4 Bxd4 23. exd4 Kg7 24. f4 Qb6 25. Kh1 Qc7 26. Qh4 Rb8 27. f5 gxf5 28. Bxf5 Bxf5 29. Rxf5 Re6 30. Rdf1 Rxb2 31. Qg4+ Rg6 32. Qf3 Rb7 33. Rf6 Qe7 34. Rxg6+ fxg6 35. a4 Rd7 36. a5 Rd6 37. Qa3 Qd7 38. h3 Rf6 39. Rxf6 Kxf6 40. Qf8+ Kg5 41. Kh2 Qc7+ 42. g3 c5 43. Kg2 cxd4 44. h4+ Kg4 45. Qf3# 1-0


[Site "https://www.chess.com"]

[Event "Titled Tuesday Blitz November 14 Early 2023"]
[White "Bettalli, Francesco"]
[Black "Djokic, Mihailo"]
[WhiteFideId "2816453"]
[BlackFideId "976440"]
[WhiteElo "2534"]
[BlackElo "2700"]
[Result "1-0"]
[Round "8"]
[TimeControl "180+1"]
[Date "2023.11.14"]
[WhiteClock "0:00:03"]
[BlackClock "0:00:00"]
[Board "68"]

1. e4 c5 2. Nc3 Nc6 3. Bb5 Nd4 4. Nf3 a6 5. Bd3 Nc6 6. O-O g6 7. Nd5 Bg7 8. c3 e6 9. Re1 d6 10. Ne3 Nge7 11. Bb1 e5 12. a3 Be6 13. b4 Qd7 14. Ng5 O-O 15. Qf3 Kh8 16. Nd5 Bxd5 17. exd5 Nd8 18. Ne4 cxb4 19. Nf6 Bxf6 20. Qxf6+ Kg8 21. c4 Nf5 22. d4 Qe7 23. Qxe7 Nxe7 24. dxe5 dxe5 25. Rxe5 Nc8 26. Bh6 f6 27. Re1 bxa3 28. Bxf8 Kxf8 29. Rxa3 Nd6 30. Rae3 N8f7 31. c5 Nc4 32. Re7 b6 33. Ba2 Nce5 34. d6 bxc5 35. f4 Nxd6 36. Rxh7 Nef7 37. Re6 Kg8 38. Rh3 Kg7 39. Re7 c4 40. Rc3 Rc8 41. Kf2 Kf8 42. Re6 Kg7 43. Kf3 g5 44. g3 Rc5 45. h4 gxh4 46. gxh4 Nf5 47. Rxa6 Nxh4+ 48. Ke4 Nf5 49. Ra4 N7d6+ 50. Kf3 Nd4+ 51. Ke3 N4b5 52. Rc1 f5 53. Rg1+ Kf6 54. Ra6 c3 55. Kd3 c2 56. Rc1 Rc3+ 57. Kd2 Rf3 58. Rxc2 Rxf4 59. Rc5 Rf2+ 60. Ke3 Rb2 61. Bc4 Kg5 62. Bxb5 Ne4 63. Rcc6 Rxb5 64. Rg6+ Kh4 65. Rg8 Rb3+ 66. Kf4 Ng3 67. Rxg3 1-0


[Site "https://www.chess.com"]

[Event "Titled Tuesday Blitz November 14 Early 2023"]
[White "Lopez Martinez, Josep Manuel"]
[Black "Timerkhanov, Alexander"]
[WhiteFideId "2212943"]
[BlackFideId "24177938"]
[WhiteElo "2534"]
[BlackElo "2693"]
[Result "1-0"]
[Round "8"]
[TimeControl "180+1"]
[Date "2023.11.14"]
[WhiteClock "0:01:18"]
[BlackClock "0:00:32"]
[Board "69"]

1. e4 c5 2. Nf3 a6 3. c3 d5 4. exd5 Qxd5 5. d4 Nf6 6. Be2 e6 7. O-O Nc6 8. h3 Be7 9. Be3 cxd4 10. Nxd4 Nxd4 11. Bxd4 O-O 12. Bf3 Qb5 13. Qb3 Bd7 14. Na3 Qxb3 15. axb3 Bc6 16. Bxc6 bxc6 17. Nc4 c5 18. Be5 Nd5 19. Ra3 f6 20. Bd6 Bxd6 21. Nxd6 Rab8 22. Ne4 Rfc8 23. Rfa1 e5 24. g3 a5 25. R1a2 c4 26. bxc4 Rxc4 27. Rxa5 Nb4 28. Ra8 Nc6 29. Rxb8+ Nxb8 30. Ra8 Rxe4 31. Rxb8+ Kf7 32. Kf1 Ra4 33. b4 Ra3 34. c4 Rb3 35. c5 f5 36. c6 Rc3 37. b5 Ke6 38. b6 Rxc6 39. b7 1-0


[Site "https://www.chess.com"]

[Event "Titled Tuesday Blitz November 14 Early 2023"]
[White "Mladenovic, Stefan"]
[Black "LeoLV10"]
[WhiteFideId "942227"]
[WhiteElo "2684"]
[BlackElo "2532"]
[Result "1-0"]
[Round "8"]
[TimeControl "180+1"]
[Date "2023.11.14"]
[WhiteClock "0:01:34"]
[BlackClock "0:00:04"]
[Board "70"]

1. d4 Nf6 2. Nf3 e6 3. e3 d5 4. Bd3 c5 5. b3 Nc6 6. O-O cxd4 7. exd4 Bd6 8. a3 O-O 9. Bb2 Qc7 10. Qe2 h6 11. Nbd2 Re8 12. Ne5 Nd7 13. f4 f6 14. Qh5 Rf8 15. Qg6 f5 16. Qxe6+ Kh8 17. Ng6+ Kh7 18. Nxf8+ Nxf8 19. Qxd5 Bxf4 20. Bxf5+ Kh8 21. Bxc8 Rxc8 22. Nf3 Rd8 23. Qe4 Nh7 24. d5 Ne7 25. c4 Ng8 26. Ne5 Bxe5 27. Qxe5 Qd7 28. Rae1 Ngf6 29. Qe6 Qc7 30. Be5 Qc5+ 31. Kh1 Re8 32. Qf5 Rf8 33. Qg6 Qa5 34. Bd6 Rg8 35. Bb4 Qb6 36. Re6 Qd8 37. Be7 Nf8 38. Bxd8 Nxg6 39. Bxf6 gxf6 40. Rexf6 Kg7 41. Rf7+ Kh8 42. Rxb7 Nh4 43. g3 Ng6 44. Rxa7 Ne5 45. d6 Ng4 46. d7 Ne3 47. Re1 Rd8 48. Rxe3 Kg8 49. Re8+ 1-0


[Site "https://www.chess.com"]

[Event "Titled Tuesday Blitz November 14 Early 2023"]
[White "Toktomushev, Teimur"]
[Black "Skliarov, Viktor"]
[WhiteFideId "14176726"]
[BlackFideId "14106736"]
[WhiteElo "2531"]
[BlackElo "2670"]
[Result "1/2-1/2"]
[Round "8"]
[TimeControl "180+1"]
[Date "2023.11.14"]
[WhiteClock "0:00:02"]
[BlackClock "0:00:08"]
[Board "71"]

1. d4 Nf6 2. c4 e6 3. Nf3 c5 4. d5 exd5 5. cxd5 d6 6. Nc3 g6 7. Nd2 Bg7 8. e4 O-O 9. Be2 a6 10. a4 Nbd7 11. O-O Re8 12. Re1 h5 13. h3 h4 14. a5 b5 15. axb6 Nxb6 16. Bf1 Nfd7 17. Nb3 c4 18. Na5 Qc7 19. Bg5 Bf6 20. Qd2 Kg7 21. Bxf6+ Nxf6 22. Qd4 Bd7 23. Nxc4 Nxc4 24. Bxc4 Rab8 25. b3 a5 26. f4 Qb6 27. Qxb6 Rxb6 28. e5 Nh5 29. e6 Bc8 30. Rxa5 Nxf4 31. Ra7 Rb7 32. Rxb7 Bxb7 33. Nb5 Bxd5 34. Bxd5 Nxd5 35. Nxd6 Rxe6 36. Rxe6 fxe6 37. Ne4 Kh6 38. Kf2 g5 39. Kf3 Kg6 40. Nd6 Kf6 41. Nc4 Nb4 42. Ne3 Ke5 43. Kg4 Kf6 44. Nf1 Nd5 45. Nd2 Ne3+ 46. Kf3 Nd5 47. Ne4+ Kf5 48. Nd6+ Ke5 49. Nf7+ Kf6 50. Nd8 Kf5 51. Nc6 e5 52. b4 e4+ 53. Kf2 g4 54. hxg4+ Kxg4 55. b5 e3+ 56. Ke2 Kg3 57. Ne5 Kxg2 58. Ng6 h3 59. b6 Nxb6 60. Nf4+ Kg3 61. Nxh3 Kxh3 62. Kxe3 1/2-1/2


[Site "https://www.chess.com"]

[Event "Titled Tuesday Blitz November 14 Early 2023"]
[White "Molenda, Marcin"]
[Black "Ovetchkin, Roman"]
[WhiteFideId "1173065"]
[BlackFideId "4119991"]
[WhiteElo "2530"]
[BlackElo "2665"]
[Result "0-1"]
[Round "8"]
[TimeControl "180+1"]
[Date "2023.11.14"]
[WhiteClock "0:00:00"]
[BlackClock "0:00:10"]
[Board "72"]

1. e4 c6 2. d4 d5 3. e5 Bf5 4. Nf3 e6 5. Be2 Ne7 6. O-O Nc8 7. Nbd2 Be7 8. a4 O-O 9. a5 a6 10. Re1 Na7 11. c3 c5 12. Nf1 Nbc6 13. dxc5 Bxc5 14. b4 Be7 15. Be3 Rc8 16. Qd2 Qc7 17. Bb6 Qb8 18. Ng3 Bg4 19. h3 Bxf3 20. Bxf3 Nb5 21. Qe3 d4 22. cxd4 Nxb4 23. Qe4 Nd5 24. Nh5 g6 25. Nf4 Nbc3 26. Nxd5 Nxd5 27. Rac1 Rxc1 28. Rxc1 Rc8 29. Qb1 Nxb6 30. axb6 Bd8 31. Rxc8 Qxc8 32. d5 exd5 33. Bxd5 Qc5 34. Qb3 Bxb6 35. Qf3 Qe7 36. Bxb7 a5 37. Bd5 Kg7 38. Qe4 Qc5 39. Qf3 Qe7 40. Qe4 Bc5 41. Kf1 Qa7 0-1


[Site "https://www.chess.com"]

[Event "Titled Tuesday Blitz November 14 Early 2023"]
[White "Pourkashiyan, Atousa"]
[Black "Golubev, Mikhail"]
[WhiteFideId "12502014"]
[BlackFideId "14100983"]
[WhiteElo "2529"]
[BlackElo "2658"]
[Result "1/2-1/2"]
[Round "8"]
[TimeControl "180+1"]
[Date "2023.11.14"]
[WhiteClock "0:00:14"]
[BlackClock "0:00:06"]
[Board "73"]

1. e4 c5 2. Nf3 d6 3. d4 cxd4 4. Nxd4 Nf6 5. Nc3 g6 6. Be3 Bg7 7. Be2 Nc6 8. O-O O-O 9. Qd2 Bd7 10. Rad1 Rc8 11. f4 Ng4 12. Bxg4 Bxg4 13. Rde1 Bd7 14. Kh1 Qa5 15. Nxc6 bxc6 16. Bd4 Bxd4 17. Qxd4 Qb6 18. Ne2 Qxd4 19. Nxd4 c5 20. Nf3 Rb8 21. b3 c4 22. Nd2 cxb3 23. axb3 a5 24. Ra1 a4 25. bxa4 Rfc8 26. c4 Ra8 27. a5 Rc5 28. a6 Rc6 29. h3 Rcxa6 30. Rxa6 Rxa6 31. Rb1 Ra2 32. Nf3 Bc6 33. e5 Bxf3 34. gxf3 Rc2 35. exd6 exd6 36. Rd1 Rxc4 37. Rxd6 Rxf4 38. Kg2 Kg7 39. Kg3 g5 40. Rd5 f6 41. Ra5 h5 42. Ra8 Rb4 43. Ra2 Kg6 44. Rc2 h4+ 45. Kg2 Kf5 46. Kf2 Kf4 47. Ra2 Rb3 48. Ra4+ Ke5 49. Ra5+ Kd4 50. Rf5 Rb2+ 51. Kg1 Rb6 52. Kf2 Rb2+ 53. Kg1 Rb1+ 54. Kf2 Rb6 55. Ke2 Rb2+ 56. Kf1 Ke3 57. Rxf6 Rf2+ 58. Kg1 Rxf3 59. Re6+ Kf4 60. Kg2 Rg3+ 61. Kh2 Kf5 62. Re2 Rf3 63. Rc2 Kf4 64. Rc4+ Ke3 65. Rc3+ Kf2 66. Rc5 Rg3 67. Rf5+ Ke3 68. Rf8 Ke4 69. Rf7 Ke5 70. Rf8 Ke4 71. Rf7 Rf3 72. Rg7 Rf5 73. Ra7 Rf2+ 74. Kg1 Rc2 75. Ra3 Rc1+ 76. Kg2 Rc2+ 77. Kg1 Rc5 78. Kg2 Rd5 79. Rb3 Kf4 80. Rb4+ Kf5 81. Rc4 Rd2+ 82. Kg1 Rd1+ 83. Kg2 Rd2+ 84. Kg1 Rd1+ 85. Kg2 Rd2+ 1/2-1/2


[Site "https://www.chess.com"]

[Event "Titled Tuesday Blitz November 14 Early 2023"]
[White "elmusmolamas"]
[Black "Bao, Qilin"]
[BlackFideId "8605750"]
[WhiteElo "2519"]
[BlackElo "2652"]
[Result "0-1"]
[Round "8"]
[TimeControl "180+1"]
[Date "2023.11.14"]
[WhiteClock "0:00:14"]
[BlackClock "0:00:27"]
[Board "74"]

1. e4 e6 2. d4 d5 3. Bd3 c5 4. c3 cxd4 5. cxd4 Nc6 6. Nf3 Bb4+ 7. Nc3 Nf6 8. e5 Ne4 9. Bd2 Nxd2 10. Qxd2 Qb6 11. O-O Bd7 12. a3 Bxc3 13. bxc3 Na5 14. Ng5 h6 15. Nxf7 Kxf7 16. Qf4+ Ke7 17. Qh4+ g5 18. Qh5 Raf8 19. f4 Be8 20. Qg4 Nc4 21. fxg5 Ne3 22. Qh4 Nxf1 23. gxh6+ Kd7 24. Rxf1 Rxf1+ 25. Bxf1 Qb1 26. Qf6 Rh7 27. h4 Rf7 28. h7 Qxh7 29. Bb5+ Kc7 30. Qxe6 Bxb5 31. Qd6+ Kc8 32. Qc5+ Bc6 33. e6 Re7 34. c4 Qxh4 35. Qa5 Qxd4+ 0-1


[Site "https://www.chess.com"]